 Dungeon Crawl Stone Soup version 0.23-a0-729-g94ec0301e6 (webtiles) character file.

81 Roran the Skirmisher (level 4, -2/38 HPs)
             Began as a Centaur Fighter on Jan 17, 2019.
             Slain by a hound (4 damage)
             ... on level 2 of the Dungeon.
             The game lasted 00:04:26 (1369 turns).

Roran the Skirmisher (Centaur Fighter)              Turns: 1369, Time: 00:04:26

Health: -2/38      AC:  6    Str: 20    XL:     4   Next: 20%
Magic:  4/4        EV:  5    Int:  7    God:
Gold:   40         SH:  8    Dex:  8    Spells: 3/3 levels left

rFire    . . .     SeeInvis .   a - +0 trident
rCold    . . .     Gourm    .   c - +0 shield
rNeg     . . .     Faith    .   b - +0 scale mail
rPois    .         Spirit   .   (helmet restricted)
rElec    .         Reflect  .   (no cloak)
rCorr    .         Harm     .   (no gloves)
MR       .....                  (no barding)
Stlth    ..........             (no amulet)
HPRegen  0.12/turn              (no ring)
MPRegen  0.09/turn              (no ring)

@: about to teleport, very quick
A: large, hooves 3, horns 1, deformed body, speed 2, tough skin 3, wild magic 1
a: no special abilities


You were on level 2 of the Dungeon.
You were not hungry.

You visited 1 branch of the dungeon, and saw 2 of its levels.

You collected 40 gold pieces.

Inventory:

Hand Weapons
 a - a +0 trident (weapon)
Armour
 b - a +0 scale mail (worn)
 c - a +0 shield (worn)
Scrolls
 e - a scroll of teleportation
 k - 2 scrolls of remove curse
Potions
 d - a potion of might
 g - a potion of lignification
Comestibles
 f - 4 rations
 j - 4 chunks of flesh


   Skills:
 + Level 3.5 Fighting
 + Level 2.2 Polearms
 + Level 2.7 Armour
 + Level 0.2 Dodging
 + Level 2.7 Shields


You had 3 spell levels left.
You didn't know any spells.
Your spell library was empty.

Dungeon Overview and Level Annotations

Branches:
Dungeon (2/15)

Altars:


Innate Abilities, Weirdness & Mutations

You have hooves in place of feet.
Armour fits poorly on your strangely shaped body.
You cover ground very quickly.
You have extremely tough skin. (AC +3)
You have a pair of small horns on your head.
Your spells are a little harder to cast, but a little more powerful.


Message History

You block the goblin's attack. The hound bites you but does no damage.
The goblin hits you but does no damage. x2; You block the hound's attack.
The goblin hits you. x2
* * * LOW HITPOINT WARNING * * *
You closely miss the goblin. Your headbutt misses the goblin.
You block the hound's attack. You block the goblin's attack.
The goblin hits you.
* * * LOW HITPOINT WARNING * * *
The goblin hits you but does no damage. The hound bites you.
* * * LOW HITPOINT WARNING * * *
You puncture the goblin!
You kill the goblin!
The goblin hits you.
* * * LOW HITPOINT WARNING * * *
You block the hound's attack. The goblin hits you.
* * * LOW HITPOINT WARNING * * *
Okay, then.
As you read the scroll of teleportation, it crumbles to dust.
You feel strangely unstable. The hound bites you.
You die...

###... ### .....
... .... ..#
#... #.# #...
#.# #...##.##
#<.g#...####
#..>@)รท....#
#.#h#g...#.#
.#.#.##>#.#
........#.#####.
##...........(#
##..>...#######
#....#### #.).##
##....##


You could see a hound and 2 goblins.

Vanquished Creatures
  Robin (D:2)
  A gnoll (D:1)
  2 adders (D:2)
  A dart slug (D:1)
  A leopard gecko (D:1)
  5 bats (D:1)
  A giant cockroach (D:1)
  11 goblins
  3 hobgoblins (D:2)
  3 jackals (D:2)
  2 frilled lizards
  6 kobolds
  2 rats (D:1)
39 creatures vanquished.

Notes
Turn   | Place    | Note
-------+----------+-------------------------------------------
     0 | D:1      | Roran the Centaur Fighter began the quest for the Orb.
     0 | D:1      | Reached XP level 1. HP: 19/19 MP: 1/1
   367 | D:1      | Reached XP level 2. HP: 23/26 MP: 2/2
   712 | D:1      | Reached XP level 3. HP: 9/31 MP: 3/3
  1002 | D:2      | Gained mutation: Your magical capacity is low. (-10% MP)
                  | [potion of mutation]
  1002 | D:2      | Gained mutation: You are robust. (+10% HP) [potion of
                  | mutation]
  1030 | D:2      | Lost mutation: Your magical capacity is low. (-10% MP)
                  | [potion of mutation]
  1030 | D:2      | Lost mutation: You are robust. (+10% HP) [potion of
                  | mutation]
  1030 | D:2      | Gained mutation: Your spells are a little harder to cast,
                  | but a little more powerful. [potion of mutation]
  1030 | D:2      | Gained mutation: You have a pair of small horns on your
                  | head. [potion of mutation]
  1350 | D:2      | Noticed Robin
  1354 | D:2      | Reached XP level 4. HP: 37/38 MP: 4/4
  1363 | D:2      | Killed Robin
  1369 | D:2      | Slain by a hound

Vault maps used:
D:1:      lightli_arrival_noodles
D:2:      serial_park_tiny_2, uniq_robin

Skill      XL: |  1  2  3 |
---------------+----------+-----
Polearms       | 2 |  2.2
Fighting       | |  3.5
Armour         | |  2.7
Dodging        | |  0.2
Shields        | |  2.7

Action                   |  1- 3 |  4- 6 || total
-------------------------+-------+-------++-------
Melee: Trident           |   119 |    14 ||   133
       Kick              |    12 |     3 ||    15
       Headbutt          |     3 |     1 ||     4
  Use: Scroll            |     4 |     1 ||     5
       Potion            |     3 |       ||     3
  Eat: Chunk             |     1 |       ||     1
Armor: Scale mail        |    42 |    21 ||    63
Dodge: Dodged            |    15 |     9 ||    24
Block: Shield            |    51 |    19 ||    70

Table legend:
 A = Non-vault XP
 B = Vault XP
 C = Vault XP percentage of total XP
 D = Non-vault monster count
 E = Vault monster count
 F = Vault count percentage of total count
                 A         B        C        D         E       F
            +---------+---------+-------+---------+---------+-------
      Total |      87 |      30 |  25.6 |      30 |       9 |  23.1
            +---------+---------+-------+---------+---------+-------
        D:1 |      46 |       0 |   0.0 |      20 |       0 |   0.0
        D:2 |      41 |      30 |  42.3 |      10 |       9 |  47.4
            +---------+---------+-------+---------+---------+-------
